 Dungeon Crawl Stone Soup version 0.28.0-43-g3370ac3207 (webtiles) character file.

Game seed: 1931401197675262855

314 Ablot the Grasshopper (level 6, -2/51 HPs)
             Began as a Gnoll Warper on Feb 28, 2022.
             Slain by a gnoll shaman
             ... wielding a +0 club
              (6 damage)
             ... on level 3 of the Dungeon.
             The game lasted 00:05:02 (3400 turns).

Ablot the Grasshopper (Gnoll Warper)                Turns: 3400, Time: 00:05:02

Health: -2/51      AC:  4    Str: 12    XL:     6   Next: 43%
Magic:  14/14      EV: 13    Int: 13    God:
Gold:   59         SH:  0    Dex: 11    Spells: 13/15 levels left

rFire   . . .      SeeInvis .   u - +2 whip (pain)
rCold   . . .      Faith    .   (no shield)
rNeg    . . .      Spirit   .   b - +0 leather armour
rPois   .          Reflect  .   (no helmet)
rElec   .          Harm     .   (no cloak)
rCorr   .          Rampage  .   (no gloves)
Will    .....                   s - +0 pair of boots
Stlth   +.........              (no amulet)
HPRegen 0.17/turn               (no ring)
MPRegen 0.14/turn               (no ring)

@: lit by a corona, glowing
A: fangs 1, strong nose, distributed training
a: no special abilities


You were on level 3 of the Dungeon.
You visited 1 branch of the dungeon, and saw 4 of its levels.

You collected 59 gold pieces.

Inventory:

Hand Weapons
 a - a +0 spear
 u - a +2 whip of pain (weapon)
Missiles
 d - 4 boomerangs of dispersal
 f - 110 stones
 h - 4 poisoned darts
 k - 31 bolts
 m - 38 arrows
 q - 12 sling bullets
 r - 5 javelins (quivered)
Armour
 b - a +0 leather armour (worn)
 s - a +0 pair of boots (worn)
Scrolls
 c - a scroll of blinking
 e - a scroll of magic mapping {unknown}
 g - a scroll of enchant armour {unknown}
 j - 2 scrolls of identify {unknown}
 l - a scroll of fear {unknown}
 n - 2 scrolls of amnesia {unknown}
 o - a scroll of holy word {unknown}
Potions
 i - 3 potions of curing {unknown}
 p - a potion of mutation {unknown}
 t - a potion of experience {unknown}


   Skills:
 + Level 5.0 Fighting
 + Level 2.0 Short Blades
 + Level 2.0 Long Blades
 + Level 2.0 Axes
 + Level 2.0 Maces & Flails
 + Level 5.0 Polearms
 + Level 2.0 Staves
 + Level 2.0 Slings
 + Level 2.0 Bows
 + Level 2.0 Crossbows
 + Level 3.2 Throwing
 + Level 3.2 Armour
 + Level 5.0 Dodging
 + Level 2.0 Stealth
 + Level 2.0 Shields
 + Level 2.0 Unarmed Combat
 + Level 5.3 Spellcasting
 + Level 1.5 Conjurations
 + Level 1.5 Hexes
 + Level 1.5 Summonings
 + Level 1.5 Necromancy
 + Level 5.6 Translocations
 + Level 1.5 Transmutations
 + Level 1.5 Fire Magic
 + Level 1.5 Ice Magic
 + Level 1.5 Air Magic
 + Level 1.5 Earth Magic
 + Level 1.5 Poison Magic
 + Level 2.1 Invocations
 + Level 2.0 Evocations


You had 13 spell levels left.
You knew the following spells:

 Your Spells              Type           Power      Damage    Failure   Level
a - Blink                 Tloc           36%        N/A       3%          2

Your spell library contained the following spells:

 Spells                   Type           Power      Damage    Failure   Level
 Gell's Gravitas          Tloc           18%        N/A       7%          3
 Lesser Beckoning         Tloc           18%        N/A       7%          3
 Teleport Other           Tloc           18%        N/A       7%          3
 Magic Dart               Conj           28%        1d4       12%         1
 Searing Ray              Conj           14%        2d5       19%         2
 Manifold Assault         Tloc           18%        N/A       52%         5
 Fulminant Prism          Conj/Hex       3%         3d6       77%         4


Dungeon Overview and Level Annotations

Branches:
Dungeon (4/15)
 Temple: D:4-7

Altars:

Shops:
D:3 =


Innate Abilities, Weirdness & Mutations

You have very sharp teeth.
Your uncanny sense of smell can sniff out nearby items.
Your experience applies equally to all skills.


Message History

You barely miss the gnoll shaman.
You bite the gnoll shaman, but do no damage.
The gnoll shaman is lightly wounded.
The gnoll shaman barely misses you.
You closely miss the gnoll shaman.
The gnoll shaman is lightly wounded.
The gnoll shaman calls upon its god to speed up the gnoll.
The gnoll seems to speed up.
You hit the gnoll shaman.
The gnoll shaman is lightly wounded.
The gnoll shaman mumbles some strange prayers to its god against you.
You are outlined in light.
You hit the gnoll shaman.
The gnoll shaman is moderately wounded.
The gnoll shaman hits you with a +0 club!
* * * LOW HITPOINT WARNING * * *
You hit the gnoll shaman.
The gnoll shaman is heavily wounded.
The gnoll shaman hits you with a +0 club.
* * * LOW HITPOINT WARNING * * *
You hit the gnoll shaman but do no damage.
Your bite misses the gnoll shaman.
The gnoll shaman is heavily wounded.
The gnoll shaman calls upon its god to heal the gnoll.
The gnoll's wounds heal themselves!
You hit the gnoll shaman but do no damage.
The gnoll shaman is heavily wounded.
The gnoll shaman hits you with a +0 club.
* * * LOW HITPOINT WARNING * * *
You hit the gnoll shaman. Your bite misses the gnoll shaman.
The gnoll shaman is severely wounded.
The gnoll shaman closely misses you.
You barely miss the gnoll shaman.
The gnoll shaman is severely wounded.
The gnoll shaman hits you with a +0 club.
* * * LOW HITPOINT WARNING * * *
You closely miss the gnoll shaman.
The gnoll shaman is severely wounded.
The gnoll shaman hits you with a +0 club.
You die...

####.##...# #.### #[.......#
#.##.### #.# #...##>..# #.##.#
#.# ######..####... #.#..# ##.#
#.......# ##.# # #...## ##..#
##.#....## #.# # #..##
#..####....#### #.# # #..#
#.#......### #.# # #.##
##.#.#.#### #)# # #.## #..#.#@#
###.# ####..## ##....#g# ###...#
..##...###..##..g# #...#.#
..##.#.#....##.### #.###.#
.....#...#>#...# #.# #..
....###..#...### #.# #..
.##.##......#### #.# #..
............)..############.# #..
.........#..##............#.###..


You could see a gnoll shaman and a gnoll (fast).

Vanquished Creatures
  Sigmund (D:2)
  A bullfrog skeleton (D:3)
  An orc wizard (D:3)
  A gnoll (D:3)
  3 adders
  3 dart slugs (D:1)
  3 orcs (D:3)
  3 bats
  5 endoplasms
  6 giant cockroaches
  A hobgoblin (D:1)
  2 jackals (D:3)
  3 quokkas
  6 ball pythons
  3 frilled lizards
  8 goblins
  4 kobolds
  A quokka skeleton (D:2)
  9 rats
64 creatures vanquished.

Notes
Turn   | Place    | Note
-------+----------+-------------------------------------------
     0 | D:1      | Ablot the Gnoll Warper began the quest for the Orb.
     0 | D:1      | Reached XP level 1. HP: 20/20 MP: 6/6
   138 | D:1      | Reached XP level 2. HP: 26/26 MP: 7/7
   141 | D:1      | Learned a level 2 spell: Blink
   474 | D:1      | Reached XP level 3. HP: 29/31 MP: 9/9
   475 | D:1      | Reached skill level 5 in Spellcasting
   541 | D:1      | Found a faded altar of an unknown god.
   998 | D:2      | Reached skill level 1 in Invocations
  1145 | D:2      | Noticed Sigmund
  1167 | D:2      | HP: 1/31 [Sigmund/+0 scythe (13)]
  1168 | D:2      | Killed Sigmund
  1169 | D:2      | Reached skill level 1 in Short Blades
  1169 | D:2      | Reached skill level 1 in Long Blades
  1169 | D:2      | Reached skill level 1 in Axes
  1169 | D:2      | Reached skill level 1 in Maces & Flails
  1169 | D:2      | Reached skill level 1 in Staves
  1169 | D:2      | Reached skill level 1 in Slings
  1169 | D:2      | Reached skill level 1 in Bows
  1169 | D:2      | Reached skill level 1 in Crossbows
  1169 | D:2      | Reached skill level 1 in Stealth
  1169 | D:2      | Reached skill level 1 in Shields
  1169 | D:2      | Reached skill level 1 in Unarmed Combat
  1169 | D:2      | Reached skill level 1 in Conjurations
  1169 | D:2      | Reached skill level 1 in Hexes
  1169 | D:2      | Reached skill level 1 in Summonings
  1169 | D:2      | Reached skill level 1 in Necromancy
  1169 | D:2      | Reached skill level 1 in Transmutations
  1169 | D:2      | Reached skill level 1 in Fire Magic
  1169 | D:2      | Reached skill level 1 in Ice Magic
  1169 | D:2      | Reached skill level 1 in Air Magic
  1169 | D:2      | Reached skill level 1 in Earth Magic
  1169 | D:2      | Reached skill level 1 in Poison Magic
  1169 | D:2      | Reached skill level 1 in Evocations
  1169 | D:2      | Reached XP level 4. HP: 2/38 MP: 11/11
  1169 | D:2      | Reached XP level 5. HP: 2/43 MP: 12/12
  1905 | D:3      | Found Kosunk's Jewellery Boutique.
  2107 | D:3      | Reached XP level 6. HP: 17/50 MP: 13/13
  2776 | D:3      | Reached skill level 5 in Fighting
  2776 | D:3      | Reached skill level 5 in Polearms
  2776 | D:3      | Reached skill level 5 in Dodging
  3400 | D:3      | Slain by a gnoll shaman

Illustrated notes

Levels and vault maps discovered:
D:1:      tarquinn_simple_flora_water_e, layout_basic,
          nicolae_ecumenical_lake_church
D:2:      layout_basic, uniq_sigmund
D:3:      layout_rooms, serial_shops, shop
D:4:      layout_cave_pools, mainiacjoe_overflow_24_doors, minmay_diced_spiral

Skill      XL: |  1  2  3  4  5  6 |
---------------+-------------------+-----
Spellcasting   | 5 |  5.3
Invocations    | 1 2 |  2.1
Short Blades   | 1 2 |  2.0
Long Blades    | 1 2 |  2.0
Axes           | 1 2 |  2.0
Maces & Flails | 1 2 |  2.0
Staves         | 1 2 |  2.0
Slings         | 1 2 |  2.0
Bows           | 1 2 |  2.0
Crossbows      | 1 2 |  2.0
Throwing       | 3 |  3.2
Armour         | 3 |  3.2
Stealth        | 1 2 |  2.0
Shields        | 1 2 |  2.0
Unarmed Combat | 1 2 |  2.0
Conjurations   | 1 |  1.5
Hexes          | 1 |  1.5
Summonings     | 1 |  1.5
Necromancy     | 1 |  1.5
Transmutations | 1 |  1.5
Fire Magic     | 1 |  1.5
Ice Magic      | 1 |  1.5
Air Magic      | 1 |  1.5
Earth Magic    | 1 |  1.5
Poison Magic   | 1 |  1.5
Evocations     | 1 2 |  2.0
Fighting       | 5 |  5.0
Polearms       | 5 |  5.0
Dodging        | 5 |  5.0
Translocations | |  5.6

Action                   |  1- 3 |  4- 6 || total
-------------------------+-------+-------++-------
Melee: Spear             |   114 |   182 ||   296
       Bite              |     4 |    18 ||    22
       Punch             |       |     3 ||     3
       Whip              |       |    17 ||    17
Throw: Dart              |     5 |       ||     5
       Boomerang         |     1 |       ||     1
       Javelin           |       |     6 ||     6
 Cast: Blink             |       |     1 ||     1
 Stab: Sleeping          |     2 |     3 ||     5
Armor: Leather armour    |    12 |    30 ||    42
Dodge: Dodged            |    44 |   100 ||   144
